details: 'crazy double NE rush'

« prev index next »

General information

Mini Map

Players

team 1
Random» NightElfiggy_the_fisk (pink | 115 APM | 1108 actions | 09:36)
Hero icon 4 Priestess of the Moon
Ability icon 2 Searing Arrows
Ability icon 2 Trueshot Aura

» actions
Assign group hotkey180
Basic commands4
Build / train33
Enter build submenu19
Enter hero's abilities submenu4
Right click575
Select / deselect172
Select group hotkey84
Use ability37
1108 total
» units
Wisp16
Huntress10
26 total
» upgrades
Strength of the Moon1
1 total
» buildings
Altar of Elders1
Moon Well5
Ancient of War3
Hunter's Hall1
Ancient Protector7
17 total
» build order
00:04 Altar of Elders
00:18 Moon Well
00:32 Ancient of War
02:02 Hunter's Hall
02:08 Ancient of War
02:23 Moon Well
02:49 Ancient of War
03:03 Moon Well
03:33 Moon Well
04:25 Ancient Protector
04:41 Ancient Protector
05:22 Ancient Protector
05:37 Ancient Protector
06:27 Moon Well
07:06 Ancient Protector
07:16 Ancient Protector
09:20 Ancient Protector
» items
Staff of Teleportation1
1 total
Random» NightElfTIMG4STRok (teal | 92 APM | 881 actions | 09:36)
Hero icon 1 Demon Hunter
Ability icon 1 Mana Burn

» actions
Assign group hotkey15
Basic commands14
Build / train26
ESC pressed4
Enter build submenu13
Enter hero's abilities submenu1
Right click485
Select / deselect91
Select group hotkey204
Use ability28
881 total
» units
Wisp9
Huntress9
Glaive Thrower1
19 total
» upgrades
Ultravision2
Strength of the Wild1
Strength of the Moon1
4 total
» buildings
Altar of Elders1
Moon Well7
Hunter's Hall1
Ancient of War2
Tree of Ages1
Ancient of Wonders1
13 total
» build order
00:02 Altar of Elders
00:21 Moon Well
01:46 Hunter's Hall
01:55 Ancient of War
02:01 Ancient of War
02:21 Moon Well
03:36 Moon Well
07:02 Moon Well
07:04 Moon Well
07:09 Tree of Ages
07:22 Ancient of Wonders
09:10 Moon Well
09:11 Moon Well
team 2
UndeadBadominion (purple | 217 APM | 2079 actions | 09:35)
Hero icon 1 Death Knight
Ability icon 1 Death Coil
Hero icon 3 Dreadlord
Ability icon 2 Sleep
Ability icon 1 Vampiric Aura

» actions
Assign group hotkey38
Basic commands158
Build / train47
ESC pressed3
Enter build submenu10
Enter hero's abilities submenu4
Right click823
Select / deselect275
Select group hotkey665
Use ability56
2079 total
» units
Acolyte1
Ghoul14
15 total
» upgrades
Cannibalize1
1 total
» buildings
Crypt2
Altar of Darkness1
Ziggurat5
Tomb of Relics1
Halls of the Dead1
Graveyard1
Black Citadel3
14 total
» build order
00:06 Crypt
00:08 Altar of Darkness
00:10 Crypt
00:27 Ziggurat
00:43 Tomb of Relics
01:33 Ziggurat
01:36 Ziggurat
04:09 Halls of the Dead
04:45 Graveyard
05:09 Ziggurat
05:33 Ziggurat
07:14 Black Citadel
07:14 Black Citadel
» items
Dust of Appearance2
Rod of Necromancy4
6 total
OrcFolken (yellow | 159 APM | 1516 actions | 09:32)
Hero icon 2 Blademaster
Ability icon 1 Wind Walk
Ability icon 1 Critical Strike
Hero icon 1 Tauren Chieftain
Ability icon 1 Shockwave

» actions
Assign group hotkey16
Basic commands6
Build / train39
ESC pressed2
Enter build submenu14
Enter hero's abilities submenu3
Remove unit from queue3
Right click868
Select / deselect257
Select group hotkey263
Use ability45
1516 total
» units
Peon17
Grunt5
22 total
» upgrades
Berserker Strength1
1 total
» buildings
Altar of Storms1
Orc Burrow4
Barracks1
Voodoo Lounge2
Stronghold1
War Mill1
Watch Tower2
Beastiary2
14 total
» build order
00:07 Altar of Storms
00:14 Orc Burrow
00:37 Barracks
01:27 Orc Burrow
02:03 Voodoo Lounge
02:58 Stronghold
03:44 War Mill
05:05 Watch Tower
05:06 Watch Tower
05:15 Voodoo Lounge
05:18 Orc Burrow
05:42 Beastiary
05:50 Beastiary
08:43 Orc Burrow
» items
Healing Salve1
Lesser Clarity Potion2
Scroll of Speed1
Potion of Healing1
5 total